 Dungeon Crawl Stone Soup version 0.30-a0-462-gd5975efbca (webtiles) character file.

Game seed: 17688764195969539509

3633 Mitcholas the Cleaver (level 10, -5/86 HPs)
             Began as a Hill Orc Monk on Dec 16, 2022.
             Was a Believer of Beogh.
             Slain by a yak (8 damage)
             ... on level 7 of the Dungeon.
             The game lasted 00:19:56 (8253 turns).

Mitcholas the Cleaver (Hill Orc Monk)               Turns: 8253, Time: 00:19:56

Health: -5/86      AC: 15    Str: 19    XL:     10   Next: 11%
Magic:  12/12      EV:  6    Int: 10    God:    Beogh [**....]
Gold:   516        SH:  5    Dex: 13    Spells: 9/9 levels left

rFire   . . .      SeeInvis .    m - +1 hand axe (vorpal)
rCold   . . .      Faith    .    (no shield)
rNeg    . . .      Spirit   .    j - +0 plate armour
rPois   .          Reflect  +    y - +1 helmet
rElec   .          Harm     .    v - +0 cloak
rCorr   +          Rampage  .    (no gloves)
Will    .....                    (no boots)
Stlth   ..........               p - amulet of reflection
HPRegen 0.34/turn                x - ring of resist corrosion
MPRegen 0.13/turn                q - ring of flight

@: flying
A: no striking features
a: Renounce Religion, Smiting


You were on level 7 of the Dungeon.
You worshipped Beogh.
Beogh was pleased with you.
You visited 2 branches of the dungeon, and saw 8 of its levels.
You also visited: Ossuary.

You collected 516 gold pieces.

Inventory:

Hand Weapons
 m - a +1 vorpal hand axe (weapon)
Missiles
 e - 6 atropa-tipped darts (quivered)
Armour
 j - a +0 plate armour (worn)
 v - a +0 cloak (worn)
 y - a +1 helmet (worn)
Jewellery
 h - a +6 ring of dexterity
 p - an amulet of reflection (around neck)
 q - a ring of flight (right hand)
 x - a ring of resist corrosion (left hand)
Wands
 o - a wand of flame (19)
 s - a wand of charming (5)
 t - a wand of polymorph (10)
 u - a wand of roots (21)
 C - a wand of quicksilver (4)
Scrolls
 d - 6 scrolls of identify
 g - a scroll of enchant armour
 k - 2 scrolls of magic mapping
 l - 3 scrolls of fear
 r - 2 scrolls of teleportation
 A - 4 scrolls of poison
 E - a scroll of brand weapon {unknown}
Potions
 a - 2 potions of flight
 b - 5 potions of curing
 c - 2 potions of ambrosia
 f - 3 potions of mutation
 i - a potion of brilliance
 n - 3 potions of cancellation
 w - 2 potions of berserk rage
 z - a potion of heal wounds
 B - a potion of attraction {unknown}
 D - a potion of might
 F - a potion of magic {unknown}


   Skills:
 + Level 7.4 Fighting
 - Level 14.0 Axes
 + Level 5.4 Armour
 - Level 2.4 Dodging
 - Level 1.5 Stealth
 * Level 3.6 Invocations
 + Level 5.0 Evocations


You had 9 spell levels left.
You didn't know any spells.
Your spell library contained the following spells:

 Spells                   Type           Power      Damage    Failure   Level
 Apportation              Tloc           0%         N/A       100%        1
 Magic Dart               Conj           0%         1d3       100%        1
 Sting                    Tmut/Pois      0%         1d3       100%        1
 Summon Small Mammal      Summ           0%         N/A       100%        1
 Blink                    Tloc           0%         N/A       100%        2
 Momentum Strike          Conj/Tloc      0%         3d8       100%        2
 Poisonous Vapours        Pois/Air       0%         N/A       100%        2
 Searing Ray              Conj           0%         2d4       100%        2
 Sublimation of Blood     Necr           0%         N/A       100%        2
 Wereblood                Tmut           0%         N/A       100%        2
 Call Canine Familiar     Summ           0%         N/A       100%        3
 Lesser Beckoning         Tloc           0%         N/A       100%        3
 Summon Guardian Golem    Hex/Summ       0%         N/A       100%        3
 Fulminant Prism          Conj/Hex       0%         3d5       100%        4
 Olgreb's Toxic Radiance  Pois           0%         N/A       100%        4
 Alistair's Intoxication  Tmut/Pois      0%         N/A       100%        5
 Summon Hydra             Summ           0%         N/A       100%        7


Dungeon Overview and Level Annotations

Branches:
Dungeon (7/15)             Temple (1/1) D:4         Ossuary (visited)

Altars:
Elyvilon
Fedhas
Okawaru
Qazlal
Ru
Sif Muna
Trog
Uskayaw
Vehumet
Wu Jian
Xom
Yredelemnul
The Shining One
Jiyva

Shops:
D:1 ?


Message History

You barely miss the yak.
The yak is severely wounded.
The yak gores you but does no damage.
You hit the yak.
The yak is severely wounded.
You hit the yak but do no damage.
The yak is severely wounded.
The yak gores you.
* * * LOW HITPOINT WARNING * * *
You hit the yak.
The yak is almost dead.
You hit the yak.
The yak is almost dead.
The yak barely misses you.
You slash the yak!
You kill the yak!
Beogh accepts your kill. The white imp spits at you.
Your Evocations skill increases to level 5!
You hit the yak.
The yak is lightly wounded.
You completely miss the yak.
The yak is lightly wounded.
The yak gores you.
* * * LOW HITPOINT WARNING * * *
You hit the yak but do no damage.
The yak is lightly wounded.
You slash the yak!
The yak is moderately wounded.
The yak gores you!
* * * LOW HITPOINT WARNING * * *
You hit the yak.
The yak is heavily wounded.
You block the yak's attack.
You hit the yak.
The yak is heavily wounded.
You hit the yak.
The yak is heavily wounded.
The yak gores you!
You die...

#+ .... .... ... #.
. #. ### ... #.
#.###..... #.
#.@Y5..... #.
#.######## #.
#.################.
#.##...............
#.##.##############
#.##.# #.##.#
#.##.# #.##.#


You could see a yak and a white imp.

Vanquished Creatures
  Pikel (D:7)
  Prince Ribbit (D:7)
  4 yaks (D:7)
  A steam dragon (D:7)
  A water moccasin (D:7)
  A sky beast (D:7)
  3 black bears
  3 ogres
  2 centaurs
  A kobold brigand (D:6)
  An elf zombie (Ossuary)
  2 necrophages
  A bullfrog (D:6)
  4 scorpions
  A howler monkey (D:4)
  Crazy Yiuf (D:5)
  2 hounds
  A gnoll bouda (D:3)
  Ijyb (D:3)
  Terence (D:2)
  An iguana (D:7)
  Natasha (thrice) (D:3)
  5 orc wizards
  3 mummies (Ossuary)
  10 gnolls
  10 adders
  3 shadow imps
  A white imp (D:5)
  6 adder zombies (Ossuary)
  2 worms
  23 orcs
  4 ball pythons
  8 bats
  7 endoplasms
  4 giant cockroaches (D:1)
  4 goblins
  5 hobgoblins
  11 jackals
  27 kobolds
  7 quokkas
  4 frilled lizards (D:1)
  3 goblin zombies (Ossuary)
  3 hobgoblin zombies (Ossuary)
  3 quokka zombies (Ossuary)
  6 rats
  2 rat zombies (Ossuary)
198 creatures vanquished.

Vanquished Creatures (others)
  An orc priest (D:7)
  An orc wizard (D:7)
  2 fungi (D:3)
  50 plants
54 creatures vanquished.

Grand Total: 252 creatures vanquished

Notes
Turn   | Place    | Note
-------+----------+-------------------------------------------
     0 | D:1      | Mitcholas the Hill Orc Monk began the quest for the Orb.
     0 | D:1      | Reached XP level 1. HP: 19/19 MP: 1/1
   167 | D:1      | Reached XP level 2. HP: 26/26 MP: 2/2
   279 | D:1      | Reached skill level 5 in Axes
   409 | D:1      | Reached XP level 3. HP: 31/31 MP: 3/3
   596 | D:1      | Found Nieqass's Magic Scroll Emporium.
   809 | D:1      | Reached skill level 6 in Axes
   991 | D:2      | Reached XP level 4. HP: 29/39 MP: 4/4
  1098 | D:2      | Noticed Terence
  1124 | D:2      | Killed Terence
  1411 | D:2      | Reached skill level 7 in Axes
  1800 | D:3      | Found a hide-covered altar of Uskayaw.
  1854 | D:3      | Noticed Ijyb
  1903 | D:3      | Killed Ijyb
  1904 | D:3      | Reached XP level 5. HP: 45/45 MP: 5/5
  1989 | D:3      | Noticed Natasha
  1997 | D:3      | Killed Natasha
  1998 | D:3      | Reached skill level 8 in Axes
  2000 | D:3      | Found a faded altar of an unknown god.
  2336 | D:3      | Reached XP level 6. HP: 25/51 MP: 6/6
  2739 | D:3      | Reached skill level 9 in Axes
  2830 | D:3      | Found an iron altar of Okawaru.
  2936 | D:3      | Noticed Natasha
  2942 | D:3      | Killed Natasha
  3116 | D:3      | Found a faded altar of an unknown god.
  3154 | D:3      | Found an iron altar of Okawaru.
  3163 | D:3      | Noticed Natasha
  3174 | D:3      | Killed Natasha
  3433 | D:3      | Found a hide-covered altar of Uskayaw.
  3967 | D:4      | Reached skill level 10 in Axes
  3967 | D:4      | Reached XP level 7. HP: 57/57 MP: 7/7
  4370 | D:4      | Reached skill level 11 in Axes
  4455 | D:4      | Found a staircase to the Ecumenical Temple.
  4666 | Temple   | Entered the Ecumenical Temple
  4797 | D:5      | Entered Level 5 of the Dungeon
  4977 | D:5      | Reached skill level 12 in Axes
  4977 | D:5      | Reached XP level 8. HP: 31/64 MP: 8/8
  5022 | D:5      | Found a sand-covered staircase.
  5027 | Ossuary  | Entered an ossuary
  5443 | D:5      | Reached skill level 1 in Armour
  5443 | D:5      | Reached skill level 1 in Evocations
  5657 | D:5      | Found a runed translucent door.
  5658 | D:5      | Noticed Crazy Yiuf
  5665 | D:5      | Killed Crazy Yiuf
  5666 | D:5      | Reached skill level 13 in Axes
  6297 | D:6      | Found an ornate altar of the Wu Jian Council.
  6569 | D:6      | Reached XP level 9. HP: 36/73 MP: 9/9
  6813 | D:6      | Reached skill level 5 in Fighting
  7380 | D:7      | Noticed Pikel
  7403 | D:7      | Killed Pikel
  7404 | D:7      | Reached skill level 14 in Axes
  7491 | D:7      | Noticed Prince Ribbit
  7493 | D:7      | Became a worshipper of Beogh the Brigand
  7493 | D:7      | Reached * piety under Beogh
  7493 | D:7      | Reached ** piety under Beogh
  7513 | D:7      | Killed Prince Ribbit
  7804 | D:7      | Found a glowing golden altar of the Shining One.
  8205 | D:7      | Reached skill level 5 in Armour
  8205 | D:7      | Reached skill level 1 in Invocations
  8209 | D:7      | Reached XP level 10. HP: 51/86 MP: 9/11
  8247 | D:7      | Reached skill level 5 in Evocations
  8250 | D:7      | HP: 3/86 [yak (11)]
  8253 | D:7      | Slain by a yak

Illustrated notes

Levels and vault maps discovered:
D:1:      dpeg_arrival_court, layout_loops_ring, serial_shops,
          nicolae_square_shop, hangedman_abyss_or_decor_lesser_grid,
          minmay_pentomino_r4
D:2:      layout_loops_ring, columned_hall_lemuel, minmay_distorted,
          uniq_terence
D:3:      layout_basic, eat_drink_and_be_merry_uskayaw,
          hellmonk_okawaru_the_only_friend_you_need,
          shapermc_ecumenical_altar_mp_ritualfount, uniq_natasha, uniq_ijyb
D:4:      layout_basic, minmay_temple_entry_statues_fountains
D:5:      layout_basic, nicolae_ossuary_entry_false_entrances,
          uniq_crazy_yiuf_cottage
D:6:      kennysheep_kobold_camp, layout_rooms, nzn_wu_jian_contemplation
D:7:      layout_basic, mainiacjoe_overflow_small_starburst,
          uniq_prince_ribbit1, uniq_pikel, uniq_menkaure
Temple:   pf_slimified_temple

Skill      XL: |  1  2  3  4  5  6  7  8  9 10 |
---------------+-------------------------------+-----
Axes           | 5 6 7 8 10 12 13 14 | 14.0
Fighting       | 4 7 |  7.4
Armour         | 2 5 |  5.4
Evocations     | 2 4 5 |  5.0
Invocations    | 2 3 |  3.6
Dodging        | |  2.4
Stealth        | |  1.5

Action                   |  1- 3 |  4- 6 |  7- 9 | 10-12 || total
-------------------------+-------+-------+-------+-------++-------
Melee: Hand axe          |   141 |   183 |   546 |    44 ||   914
       Punch             |     1 |     3 |     4 |       ||     8
       Unarmed           |       |     3 |       |       ||     3
Invok: Convert to Beogh  |       |       |     1 |       ||     1
Evoke: Wand              |       |     3 |     1 |       ||     4
  Use: Potion            |       |     2 |       |       ||     2
       Scroll            |       |       |    18 |       ||    18
Armor: Chain mail        |    38 |       |       |       ||    38
       Plate armour      |    66 |   102 |   172 |    11 ||   351
       Skin              |       |     2 |       |       ||     2
Dodge: Dodged            |    30 |    56 |    70 |     5 ||   161
Block: Other             |       |    12 |    64 |     2 ||    78
       Reflection        |       |       |     2 |       ||     2

Table legend: (Time is in decaauts)
 A = Elapsed time spent in this place.
 B = Non-inter-level travel time spent in this place.
 C = Inter-level travel time spent in this place.
 D = Time resting spent in this place.
 E = Time spent auto-exploring this place.
 F = Levels seen in this place.
 G = Mean time per level.
                   A        B        C        D        E       F      G
               +--------+--------+--------+--------+--------+-----+--------+
         Total |   8067 |   7708 |    359 |   1065 |   4588 |   9 |  896.3 |
       Dungeon |   7682 |   7341 |    341 |    939 |   4507 |   7 | 1097.4 |
        Temple |    103 |     85 |     18 |      0 |     78 |   1 |  103.0 |
       Ossuary |    280 |    280 |      0 |    126 |      3 |   1 |  280.0 |
               +--------+--------+--------+--------+--------+-----+--------+

Top non-repeatable levels by time:
     D:3: 1872 daAuts
     D:6: 1115 daAuts
     D:2: 1090 daAuts
     D:7: 959 daAuts
     D:4: 919 daAuts
     D:1: 904 daAuts
     D:5: 820 daAuts
 Ossuary: 280 daAuts
  Temple: 103 daAuts
